 Dungeon Crawl Stone Soup version 0.31-b1-12-gca42e3d1b8 (webtiles) character file.

Game seed: 12302813033585696961

149 Arctor the Covered (level 5, -16/40 (42) HPs)
             Began as a Human Fighter on Jan 14, 2024.
             Was a Believer of Kikubaaqudgha.
             Demolished by Menkaure (19 damage)
             ... on level 4 of the Dungeon.
             The game lasted 00:03:23 (2592 turns).

Arctor the Covered (Human Fighter)                  Turns: 2592, Time: 00:03:24

HP:   -16/40 (42)   AC:  7    Str: 18    XL:     5   Next: 31%
MP:   5/5           EV:  9    Int:  9    God:    Kikubaaqudgha [**....]
Gold: 213           SH:  5    Dex: 12    Spells: 4/4 levels left

rFire   . . .        a - +0 war axe
rCold   . . .        c - +0 buckler
rNeg    . . .        b - +0 scale mail
rPois   .            (helmet currently unavailable)
rElec   .            (cloak currently unavailable)
rCorr   .            (gloves currently unavailable)
SInv    .            (boots currently unavailable)
Will    .....        (no amulet) Stlth
                     (no ring)
HPRegen 0.26/turn    (no ring)
MPRegen 0.09/turn

%: no passive effects
@: mighty, beast-form, lightly drained
A: beast (slay +0), explore regen
a: Begin Untransformation, Renounce Religion, Unearth Wretches


You were on level 4 of the Dungeon.
You worshipped Kikubaaqudgha.
Kikubaaqudgha was pleased with you.
You were a hulking beast.
You visited 1 branch of the dungeon, and saw 4 of its levels.

You collected 213 gold pieces.

Inventory:

Hand Weapons
 a - a +0 war axe (weapon)
Missiles
 u - a throwing net (quivered)
Armour
 b - a +0 scale mail (worn)
 c - a +0 buckler (worn)
 p - a +0 pair of boots
Talismans
 g - a beast talisman (active)
Scrolls
 e - a scroll of revelation {unknown}
 h - 2 scrolls of immolation {unknown}
 j - 3 scrolls of teleportation {unknown}
 k - a scroll of fog {unknown}
 l - 2 scrolls of identify {unknown}
 o - a scroll of brand weapon {unknown}
 q - a scroll of silence {unknown}
 r - a scroll of enchant armour {unknown}
 s - 2 scrolls of blinking {unknown}
Potions
 f - 2 potions of curing
 i - 5 potions of degeneration {unknown}
 m - a potion of enlightenment {unknown}
 n - a potion of ambrosia {unknown}
 t - a potion of mutation {unknown}


   Skills:
 + Level 3.8 Fighting
 + Level 3.1 Axes
 + Level 3.9 Armour
 + Level 3.8 Shields
 + Level 0.0 Shapeshifting


You had 4 spell levels left.
You didn't know any spells.
Your spell library contained the following spells:

 Spells                   Type           Power      Damage    Failure   Level
 Necrotise                Necr           0%         1d4       83%         1
 Sublimation of Blood     Necr           0%         N/A       93%         2
 Fugue of the Fallen      Necr           0%         N/A       99%         3
 Vampiric Draining        Necr           0%         2d6       99%         3
 Volatile Blastmotes      Fire/Tloc      0%         2d10      99%         3
 Fulminant Prism          Conj/Alch      0%         3d5       100%        4
 Iskenderun's Mystic Bla  Conj/Tloc      0%         2d3       100%        4


Dungeon Overview and Level Annotations

Branches:
Dungeon (4/15)
 Temple: D:4-7

Altars:
Kikubaaqudgha
Vehumet

Shops:
D:1 *

Annotations:
D:4 Menkaure


Innate Abilities, Weirdness & Mutations

You are a hulking beast.
Your limbs bulge with bestial killing power. (Slay +0)
You regain HP and MP as you explore.


Message History

No target in view!
No target in view!
No target in view!
You hear the brisk hiss of a very distant avalanche of sand.
s - 2 scrolls labelled KIEMPUN JOSUOC (gained 1)
Found a scale mail.
You see here a +0 scale mail.
Found a chain mail.
A kobold comes into view. It is wielding a +0 whip.
The kobold shouts!
The kobold throws a stone.
The stone hits you but does no damage.
You hear the brisk hiss of a very distant avalanche of sand.
The kobold throws a stone.
The stone closely misses you.
Menkaure, Prince of Dust comes into view.
Menkaure shouts!
The kobold hits you with a +0 whip.
You see here a +0 chain mail.
You slash the kobold!
You kill the kobold!
Kikubaaqudgha accepts your kill.
Things that are here:
a +0 whip; 5 stones; a kobold corpse You slash Menkaure!
Menkaure is moderately damaged.
Menkaure misses you.
You feel very mighty all of a sudden. Menkaure hits you!!
You barely miss Menkaure.
Menkaure is moderately damaged.
Menkaure hits you!!
* * * LOW HITPOINT WARNING * * *
You are too injured to fight recklessly!
You are too injured to fight recklessly!
Okay, then.
Okay, then.
You barely miss Menkaure.
Menkaure is moderately damaged.
Menkaure hits you!!
You die...
Kikubaaqudgha rasps: "You have failed me!
Welcome... death!"

###.#.................
#.#.################
#.#.# # #.#.# # #.#.#
# #.#.# # #.#[# #
#.#)# # #.#h# # #.#M#
# #.#.# # #.#.#
######### #.#..
........#
#.################.#
#...................
##################.#
#..


You could see Menkaure.

Vanquished Creatures
  A bombardier beetle (D:4)
  3 adders
  A dart slug (D:2)
  6 ribbon worms
  4 orcs
  A ball python (D:3)
  6 endoplasms
  A giant cockroach (D:2)
  A goblin (D:1)
  9 hobgoblins
  6 jackals
  3 quokkas
  10 bats
  5 frilled lizards
  9 kobolds
  5 rats
71 creatures vanquished.

Notes
Turn   | Place    | Note
-------+----------+-------------------------------------------
     0 | D:1      | Arctor the Human Fighter began the quest for the Orb.
     0 | D:1      | Reached XP level 1. HP: 18/18 MP: 1/1
   211 | D:1      | Reached XP level 2. HP: 24/24 MP: 2/2
   225 | D:1      | Found a faded altar of an unknown god.
   248 | D:1      | Prayed at the altar of an unknown god.
   248 | D:1      | Became a worshipper of Kikubaaqudgha
   248 | D:1      | Reached * piety under Kikubaaqudgha
   248 | D:1      | Received a gift from Kikubaaqudgha
   358 | D:1      | Found Suagoifa's Assorted Antiques.
   510 | D:2      | Reached XP level 3. HP: 17/29 MP: 3/3
   712 | D:2      | Reached ** piety under Kikubaaqudgha
   778 | D:2      | Reached XP level 4. HP: 20/35 MP: 4/4
  1597 | D:3      | Found a radiant altar of Vehumet.
  2263 | D:4      | Reached XP level 5. HP: 17/40 MP: 5/5
  2584 | D:4      | Noticed Menkaure
  2592 | D:4      | Demolished by Menkaure

Illustrated notes

Levels and vault maps discovered:
D:1:      psy_arrival_statuary, layout_basic, chequers_ecumenical_altar_twisty,
          serial_shops, shop, amcnicky_mini_rare_corridor_liquid,
          minmay_box_of_dots
D:2:      layout_rooms, minmay_small_reverse_x
D:3:      minmay_door_path, layout_loops_corners,
          mainiacjoe_overflow_cross_hatched
D:4:      layout_basic, lemuel_coloured_pillars_altar,
          nicolae_ossuary_entry_catacombs, uniq_menkaure

Skill      XL: |  1  2  3  4 |
---------------+-------------+-----
Axes           | 3 |  3.1
Fighting       | |  3.8
Armour         | |  3.9
Shields        | |  3.8

Action                     |  1- 3 |  4- 6 || total
---------------------------+-------+-------++-------
  Melee: War axe           |    88 |   124 ||   212
    Use: Potion            |     1 |     2 ||     3
 Armour: Scale mail        |    69 |    83 ||   152
         Skin              |    12 |       ||    12
  Dodge: Dodged            |    59 |    65 ||   124
  Block: Buckler           |    27 |    18 ||    45
   Form: Beast             |     1 |       ||     1
